 Dungeon Crawl Stone Soup version 0.26-a0-6-g448add79b7 (webtiles) character file.

Game seed: 10114741896132307900, levelgen mode: deterministic

139 Essalna the Firebug (level 5, -1/38 HPs)
             Began as a Hill Orc Fire Elementalist on May 24, 2020.
             Slain by a gnoll
             ... wielding a +0 whip
              (2 damage)
             ... on level 2 of the Dungeon.
             The game lasted 00:05:33 (3001 turns).

Essalna the Firebug (Hill Orc Fire Elementalist)    Turns: 3001, Time: 00:05:34

Health: -1/38      AC:  3    Str: 11    XL:     5   Next: 22%
Magic:  0/8        EV: 11    Int: 16    God:
Gold:   119        SH:  3    Dex: 11    Spells: 7/8 levels left

rFire    + . .     SeeInvis +   v - +4 flail
rCold    . . .     Gourm    .   m - -1 buckler (curse)
rNeg     . . .     Faith    .   a - +0 robe
rPois    .         Spirit   +   p - +0 helmet
rElec    .         Reflect  .   (no cloak)
rCorr    .         Harm     .   (no gloves)
MR       .....                  (no boots)
Stlth    ++........             g - amulet of guardian spirit
HPRegen  0.12/turn              n - ring of protection from fire
MPRegen  0.11/turn              t - ring of see invisible

@: no status effects
A: no striking features
a: no special abilities


You were on level 2 of the Dungeon.
You were hungry.

You visited 1 branch of the dungeon, and saw 3 of its levels.

You collected 119 gold pieces.

Inventory:

Hand Weapons
 d - a +0 dagger
 v - a +4 flail (weapon)
Armour
 a - a +0 robe (worn)
 m - a cursed -1 buckler (worn)
 p - a +0 helmet (worn)
Jewellery
 g - an amulet of guardian spirit (around neck)
 n - a ring of protection from fire (left hand)
 t - a ring of see invisible (right hand)
Scrolls
 e - 2 scrolls of magic mapping {unknown}
 f - 2 scrolls of blinking {unknown}
 i - 2 scrolls of remove curse {unknown}
 k - 2 scrolls of random uselessness {unknown}
 l - a scroll of fear {unknown}
 q - 2 scrolls of teleportation {unknown}
 r - a scroll of identify {unknown}
Potions
 b - a potion of haste {unknown}
 h - a potion of brilliance {unknown}
 o - a potion of might {unknown}
 s - a potion of resistance {unknown}
 u - a potion of heal wounds {unknown}
Comestibles
 c - a ration
 j - 6 chunks of flesh


   Skills:
 - Level 1.5 Dodging
 - Level 1.5 Stealth
 + Level 2.0 Shields
 + Level 2.4 Spellcasting
 + Level 2.6 Conjurations
 + Level 4.2 Fire Magic


You had 7 spell levels left.
You knew the following spells:

 Your Spells              Type           Power        Failure   Level  Hunger
a - Foxfire               Conj/Fire      ##..         6%          1    #......

Your spell library contained the following spells:

 Spells                   Type           Power        Failure   Level  Hunger
 Conjure Flame            Conj/Fire      ##......     19%         3    ###....
 Inner Flame              Hex/Fire       #.......     32%         3    ###....
 Sticky Flame             Conj/Fire      ##......     52%         4    #####..
 Fireball                 Conj/Fire      ##........   86%         5    ######.


Dungeon Overview and Level Annotations

Branches:
Dungeon (3/15)

Altars:


Message History

You barely miss the gnoll.
The gnoll is almost dead.
The gnoll hits you with a +0 whip!
* * * LOW HITPOINT WARNING * * *
You see here a frilled lizard skeleton.
There is a stone staircase leading up here.
The gnoll hits you with a +0 whip.
* * * LOW HITPOINT WARNING * * *
You climb upwards.
There is a stone staircase leading down here.
Casting: Foxfire (safe; 6% risk of failure)
Confirm with . or Enter, or press ? or * to list all spells.
You don't have enough magic to cast that spell.
You closely miss the gnoll.
The gnoll is severely wounded.
The gnoll barely misses you.
You closely miss the gnoll.
The gnoll is severely wounded.
The gnoll misses you. The gnoll hits you with a +0 whip.
You die...

######### #.......#
########.......######
#.....##.......##....
#.....##.......##....
#..............##....
#......#####.....##..
#....g.#####.........
#...@................
#.#..................
##.#..........####....
#.............####....
#......<......#.......
#.............#.......
#.....................
#....###.....#.......^
#............#........


You could see a gnoll.

Vanquished Creatures
  3 adders
  5 gnolls
  A worm (D:2)
  A dart slug (D:2)
  4 leopard geckos
  7 orcs (D:3)
  2 giant cockroaches
  4 goblins
  2 hobgoblins
  A jackal (D:2)
  A quokka (D:2)
  6 bats
  2 frilled lizards
  5 kobolds
  5 rats
49 creatures vanquished.

Vanquished Creatures (collateral kills)
  A worm (D:2)
1 creature vanquished.

Vanquished Creatures (others)
  178 foxfires
178 creatures vanquished.

Grand Total: 228 creatures vanquished

Notes
Turn   | Place    | Note
-------+----------+-------------------------------------------
     0 | D:1      | Essalna the Hill Orc Fire Elementalist began the quest for
                  | the Orb.
     0 | D:1      | Reached XP level 1. HP: 14/14 MP: 3/3
   448 | D:1      | Reached XP level 2. HP: 20/20 MP: 0/4
  1208 | D:2      | Reached XP level 3. HP: 26/26 MP: 0/6
  1331 | D:2      | Reached skill level 1 in Shields
  1368 | D:2      | Reached XP level 4. HP: 33/33 MP: 0/7
  1630 | D:2      | Reached skill level 4 in Fire Magic
  2707 | D:3      | Reached XP level 5. HP: 38/38 MP: 2/8
  2998 | D:3      | HP: 1/38 [gnoll/+0 whip (3)]
  3001 | D:2      | Slain by a gnoll

Illustrated notes

Levels and vault maps discovered:
D:1:      saegor_arrival_miasma, layout_basic
D:2:      layout_basic, minmay_between
D:3:      layout_loops_ring

Skill      XL: |  1  2  3  4  5 |
---------------+----------------+-----
Spellcasting   | 2 |  2.4
Shields        | 1 2 |  2.0
Conjurations   | 2 |  2.6
Fire Magic     | 4 |  4.2
Dodging        | |  1.5
Stealth        | |  1.5

Action                   |  1- 3 |  4- 6 || total
-------------------------+-------+-------++-------
Melee: Dagger            |     7 |    36 ||    43
       Flail             |       |     6 ||     6
 Cast: Foxfire           |    45 |    85 ||   130
 Stab: Sleeping          |       |     1 ||     1
  Eat: Chunk             |     2 |     6 ||     8
Armor: Robe              |     1 |    11 ||    12
Dodge: Dodged            |    13 |    26 ||    39
Block: Buckler           |       |     2 ||     2

Table legend:
 A = Non-vault XP
 B = Vault XP
 C = Vault XP percentage of total XP
 D = Non-vault monster count
 E = Vault monster count
 F = Vault count percentage of total count
                 A         B        C        D         E       F
            +---------+---------+-------+---------+---------+-------
      Total |     190 |       9 |   4.5 |      44 |       6 |  12.0
            +---------+---------+-------+---------+---------+-------
        D:1 |      21 |       0 |   0.0 |      10 |       0 |   0.0
        D:2 |     102 |       9 |   8.1 |      18 |       6 |  25.0
        D:3 |      67 |       0 |   0.0 |      16 |       0 |   0.0
            +---------+---------+-------+---------+---------+-------
